 Dungeon Crawl Stone Soup version 0.29-a0-878-g7b45a56547 (webtiles) character file.

Game seed: 3452584758698897394

3427 jlumianski the Chiller (level 9, 0/55 HPs)
             Began as a Demonspawn Ice Elementalist on July 20, 2022.
             Was a Believer of Hepliaklqana.
             Slain by a killer bee (8 damage)
             ... on level 7 of the Dungeon.
             The game lasted 00:47:39 (8936 turns).

jlumianski the Chiller (DsIE)                       Turns: 8936, Time: 00:47:40

Health: 0/55       AC: 10    Str: 10    XL:     9   Next: 76%
Magic:  18/19      EV: 14    Int: 20    God:    Hepliaklqana [**....]
Gold:   563        SH:  0    Dex: 13    Spells: 15/22 levels left

rFire   + . .      SeeInvis .   l - +4 short sword (elec)
rCold   . . .      Faith    .   (no shield)
rNeg    . . .      Spirit   .   y - +1 leather armour "Taepix" {Rampage}
rPois   +          Reflect  .   w - +1 helmet
rElec   .          Harm     .   (cloak unavailable)
rCorr   .          Rampage  +   g - +0 pair of gloves
Will    .....      Rnd*Tele +   o - +2 pair of boots
Stlth   ++........              (no amulet)
HPRegen 0.18/turn               d - ring of protection from fire
MPRegen 0.16/turn               s - ring of poison resistance

@: lethally poisoned (0 -> -2)
A: reduced essence, repulsion field 1, foul stench 1, weakness stinger 3,
teleportitis 1
a: Renounce Religion, Ancestor Life: Knight, Ancestor Life: Battlemage, Ancestor
Life: Hexer, Recall Ancestor, Ancestor Identity


You were on level 7 of the Dungeon.
You worshipped Hepliaklqana.
Hepliaklqana was pleased with you.
You visited 2 branches of the dungeon, and saw 8 of its levels.

You collected 563 gold pieces.

Inventory:

Hand Weapons
 h - a +1 vorpal mace
 l - a +4 short sword of electrocution (weapon)
 v - a +0 mace of protection
 E - a +2 dagger of venom
 G - a +5 dagger
 I - a +2 quarterstaff of chaos
 S - the +0 flail "Qeqa Nun" {spect, rElec Will- Stlth+}
   (You took it off an orc on level 7 of the Dungeon)

   When its wielder attacks, the weapon's spirit leaps out and strikes again.
   The spirit shares a part of any damage it takes with its wielder.
   rElec:     It insulates you from electricity.
   Will:      It decreases your willpower.
   Stlth:     It makes you more stealthy.
Missiles
 c - 47 stones
 j - 14 poisoned darts (quivered)
 A - 6 silver javelins
Armour
 a - a +0 robe
 g - a +0 pair of gloves (worn)
 m - a +3 leather armour
 o - a +2 pair of boots (worn)
 w - a +1 helmet (worn)
 y - the +1 leather armour "Taepix" (worn) {Rampage}
   (You found it on level 4 of the Dungeon)

   Rampage:   It bestows one free step when moving towards enemies.
 J - a +1 cloak
 Q - +0 steam dragon scales
Jewellery
 d - a ring of protection from fire (left hand)
 n - a ring of positive energy
 r - a ring of positive energy
 s - a ring of poison resistance (right hand)
Wands
 e - a wand of roots (6)
 x - a wand of polymorph (19)
 D - a wand of quicksilver (7)
 H - a wand of flame (15)
 R - a wand of mindburst (13)
Scrolls
 f - 2 scrolls of immolation
 p - a scroll of poison
 q - a scroll of magic mapping
 t - a scroll of noise
 K - 2 scrolls of teleportation
 L - 2 scrolls of identify
 M - 2 scrolls of vulnerability
 P - a scroll of fog
Potions
 b - 2 potions of magic
 i - a potion of might
 k - a potion of lignification
 u - 3 potions of cancellation
 z - 3 potions of curing
 B - 2 potions of degeneration
 C - a potion of resistance
 F - 2 potions of heal wounds
 N - a potion of haste
 O - a potion of brilliance


   Skills:
 + Level 2.5 Fighting
 + Level 4.8 Short Blades
 + Level 0.8 Maces & Flails
 + Level 0.4 Throwing
 + Level 3.2 Armour
 + Level 3.5 Dodging
 + Level 4.0 Stealth
 + Level 7.2 Spellcasting
 + Level 7.8 Ice Magic
 + Level 0.2 Evocations


You had 15 spell levels left.
You knew the following spells:

 Your Spells              Type           Power      Damage    Failure   Level
a - Freeze                Ice            100%       1d11      1%          1
b - Frozen Ramparts       Ice            76%        1d9       1%          3
c - Ozocubu's Armour      Ice            38%        N/A       1%          3

Your spell library contained the following spells:

 Spells                   Type           Power      Damage    Failure   Level
 Hailstorm                Conj/Ice       22%        3d7       24%         4


Dungeon Overview and Level Annotations

Branches:
Dungeon (7/15)             Temple (1/1) D:5

Altars:
Ashenzari
Dithmenos
Fedhas
Gozag
Hepliaklqana
Trog
Uskayaw
Xom


Innate Abilities, Weirdness & Mutations

Your life essence is reduced to manifest your ancestor. (-10% HP)
You are surrounded by a mild repulsion field. (EV +2)
You may rarely emit foul miasma when damaged in melee.
You have a sharp stinger which inflicts weakening toxins.
You are occasionally teleported next to monsters.


Message History

Your surroundings suddenly seem different. 5 killer bees come into view.
The killer bee buzzes angrily. x2
The killer bee barely misses you.
The killer bee stings you but does no damage.
The killer bee buzzes angrily.
Si-Tayit is recalled.
The killer bee stings you!
You are poisoned.
The killer bee poisons you! The killer bee stings you.
The killer bee stings you but does no damage.
The killer bee stings Si-Tayit!
The killer bee misses you. The killer bee stings you.
Si-Tayit hits the killer bee.
The killer bee attacks as you move away!
The killer bee stings you.
You feel sick. The killer bee barely misses you. The killer bee misses you.
The killer bee stings you!
The killer bee attacks as you move away!
The killer bee stings you.
You feel sick.
The killer bee stings you but does no damage. x2
The killer bee closely misses you.
You feel sick. The killer bee barely misses you. The killer bee stings you.
The killer bee barely misses you. x2; The killer bee closely misses you.
Si-Tayit hits the killer bee.
You open the door.
You feel sick.
The killer bee stings you but does no damage.
The killer bee closely misses you. The killer bee stings you.
* * * LOW HITPOINT WARNING * * *
The killer bee barely misses you. The killer bee misses you.
The killer bee stings you but does no damage.
The killer bee misses you.
The killer bee stings you but does no damage.
The killer bee stings you.
* * * LOW HITPOINT WARNING * * *
You emit a cloud of foul miasma!
You feel sick.
The killer bee is engulfed in dark miasma.
The killer bee is poisoned.
The killer bee seems to slow down.
The killer bee stings you but does no damage. x2
The killer bee stings you!
You die...

##.## #<# #.#
##'## ##...##
##.....## #
##.......##
#...####y........#
.......@yyR......+
#...####yy.......#
# ##.......##
##.....## ##...##
##+##


You could see the friendly Si-Tayit the ancestor and 5 killer bees.

Vanquished Creatures
  The ghost of porpoise the Trooper, a novice DjHW (D:6)
  Grinder (D:4)
  A wyvern (D:6)
  A steam dragon (D:6)
  Edmund (D:5)
  Duvessa (D:5)
  2 ice beasts (D:6)
  2 orc warriors
  2 sky beasts (D:6)
  An ogre (D:4)
  A black bear (D:6)
  A centaur (D:6)
  A phantom (D:6)
  3 necrophages
  5 wights (D:6)
  Dowan (D:5)
  A howler monkey (D:5)
  2 hounds
  Crazy Yiuf (D:5)
  2 orc priests (D:4)
  Ijyb (D:5)
  4 iguanas (D:5)
  3 orc wizards
  8 gnolls (D:5)
  8 adders
  2 worms
  3 dart slugs
  17 orcs
  3 bats
  12 endoplasms
  7 giant cockroaches
  29 goblins
  34 hobgoblins
  5 jackals
  6 quokkas
  10 ball pythons
  2 frilled lizards (D:1)
  9 kobolds
  8 rats
202 creatures vanquished.

Vanquished Creatures (collateral kills)
  A steam dragon (D:7)
  A howler monkey (D:6)
  An orc wizard (D:6)
  2 adders (D:6)
  A shadow imp (D:7)
  3 orcs (D:6)
9 creatures vanquished.

Vanquished Creatures (others)
  2 ancestors (D:6)
  21 plants (D:3)
23 creatures vanquished.

Grand Total: 234 creatures vanquished

Notes
Turn   | Place    | Note
-------+----------+-------------------------------------------
     0 | D:1      | jlumianski the Demonspawn Ice Elementalist began the quest
                  | for the Orb.
     0 | D:1      | Reached XP level 1. HP: 13/13 MP: 3/3
   418 | D:1      | Gained mutation: You are surrounded by a mild repulsion
                  | field. (EV +2) [demonic ancestry]
   418 | D:1      | Reached XP level 2. HP: 19/19 MP: 5/5
  1069 | D:1      | Reached XP level 3. HP: 24/24 MP: 6/6
  1543 | D:1      | Learned a level 3 spell: Frozen Ramparts
  2115 | D:2      | Gained mutation: You may rarely emit foul miasma when
                  | damaged in melee. [demonic ancestry]
  2115 | D:2      | Reached XP level 4. HP: 29/30 MP: 3/7
  2585 | D:3      | Reached skill level 1 in Short Blades
  2854 | D:4      | Noticed an orc warrior
  2859 | D:4      | Reached XP level 5. HP: 23/35 MP: 4/9
  2861 | D:4      | Reached skill level 1 in Armour
  2866 | D:4      | Killed an orc warrior
  2869 | D:4      | Reached XP level 6. HP: 23/42 MP: 2/11
  2874 | D:5      | Entered Level 5 of the Dungeon
  2875 | D:5      | Found a staircase to the Ecumenical Temple.
  2950 | D:3      | Gained mutation: You are weak. (Str -2) [potion of
                  | mutation]
  2961 | D:3      | Reached skill level 5 in Ice Magic
  2967 | D:3      | Lost mutation: You are weak. (Str -2) [potion of mutation]
  2967 | D:3      | Gained mutation: You are frail. (-10% HP) [potion of
                  | mutation]
  2967 | D:3      | Gained mutation: You are occasionally teleported next to
                  | monsters. [potion of mutation]
  2967 | D:3      | Lost mutation: You are frail. (-10% HP) [potion of
                  | mutation]
  3115 | D:3      | Found a faded altar of an unknown god.
  3265 | D:3      | Learned a level 3 spell: Ozocubu's Armour
  3977 | D:4      | Identified the +1 leather armour "Taepix" {Rampage}
  4084 | D:4      | Reached skill level 1 in Fighting
  4397 | D:4      | Gained mutation: You have a small tail. [demonic ancestry]
  4397 | D:4      | Reached XP level 7. HP: 19/48 MP: 5/13
  4985 | D:5      | Found a shadowy altar of Dithmenos.
  4987 | D:5      | Noticed Ijyb
  5011 | D:5      | Killed Ijyb
  5035 | D:5      | Noticed Grinder
  5036 | D:5      | Noticed Duvessa
  5037 | D:5      | Noticed Dowan
  5046 | D:5      | Killed Duvessa
  5438 | D:4      | Killed Grinder
  5595 | D:5      | Killed Dowan
  5596 | D:5      | Gained mutation: You have a tail ending in a sharp stinger.
                  | [demonic ancestry]
  5596 | D:5      | Reached XP level 8. HP: 51/54 MP: 11/15
  5649 | Temple   | Entered the Ecumenical Temple
  5662 | Temple   | Became a worshipper of Hepliaklqana the Forgotten
  5715 | D:6      | Reached skill level 5 in Spellcasting
  5916 | D:5      | Found a runed translucent door.
  5916 | D:5      | Noticed Crazy Yiuf
  5921 | D:5      | Killed Crazy Yiuf
  6370 | D:5      | Noticed Edmund
  6386 | D:5      | Killed Edmund
  7235 | D:6      | Found a runed translucent door.
  7237 | D:6      | Noticed porpoise's ghost (novice DjHW)
  7283 | D:6      | Reached * piety under Hepliaklqana
  7624 | D:6      | Gained mutation: You have a sharp stinger which inflicts
                  | weakening toxins. [demonic ancestry]
  7624 | D:6      | Reached XP level 9. HP: 47/54 MP: 13/18
  8388 | D:6      | Reached ** piety under Hepliaklqana
  8632 | D:6      | Killed porpoise's ghost
  8725 | D:7      | Found a broken altar of Ashenzari.
  8860 | D:7      | Identified the +0 flail "Qeqa Nun" {spect, rElec Will-
                  | Stlth+}
  8936 | D:7      | Slain by a killer bee

Illustrated notes

Levels and vault maps discovered:
D:1:      eino_arrival_water_star, layout_basic, minivault_24,
          minmay_pentomino_t4
D:2:      layout_basic, kennysheep_generic_room_16
D:3:      layout_loops_ring, general_overflow_altar,
          shapermc_ecumenical_altar_petra, serial_bayou, serial_bayou_pond_c,
          serial_bayou_crossing, serial_bayou_shore_b, serial_bayou_lagoon_a
D:4:      layout_loops_ring
D:5:      minmay_goblin_kobold_castle, layout_loops_cross, kennysheep_mini_moat,
          minmay_temple_entry_drinking_statues, portal_sewer_entry_d,
          uniq_edmund, uniq_duvessa, uniq_ijyb, uniq_grinder,
          uniq_crazy_yiuf_cottage
D:6:      layout_gridville, gammafunk_ghost_grave
D:7:      layout_loops_corners, nicolae_overflow_crystal_walls, uniq_maggie,
          uniq_menkaure
Temple:   eino_temple_water

Skill      XL: |  1  2  3  4  5  6  7  8  9 |
---------------+----------------------------+-----
Ice Magic      | 4 5 6 7 |  7.8
Short Blades   | 1 2 3 4 |  4.8
Stealth        | 2 3 4 |  4.0
Spellcasting   | 3 4 6 7 |  7.2
Armour         | 1 2 3 |  3.2
Dodging        | 2 3 |  3.5
Fighting       | 1 2 |  2.5
Maces & Flails | |  0.8
Throwing       | |  0.4
Evocations     | |  0.2

Action                   |  1- 3 |  4- 6 |  7- 9 || total
-------------------------+-------+-------+-------++-------
Melee: Mace              |    10 |       |       ||    10
       Short sword       |    32 |    80 |   184 ||   296
       Punch             |       |     3 |     4 ||     7
       Tailslap          |       |       |    25 ||    25
Throw: Dart              |     3 |       |     2 ||     5
 Cast: Freeze            |    27 |     8 |     6 ||    41
       Frozen Ramparts   |     6 |    33 |    37 ||    76
       Ozocubu's Armour  |       |     1 |    10 ||    11
Invok: Recall Ancestor   |       |       |     3 ||     3
Evoke: Wand              |       |       |     5 ||     5
  Use: Scroll            |       |    12 |     4 ||    16
       Potion            |       |     5 |     1 ||     6
 Stab: Sleeping          |     2 |     2 |     6 ||    10
Armor: Robe              |     7 |       |       ||     7
       Leather armour    |    11 |    39 |   102 ||   152
Dodge: Dodged            |    46 |    67 |   183 ||   296

Table legend: (Time is in decaauts)
 A = Elapsed time spent in this place.
 B = Non-inter-level travel time spent in this place.
 C = Inter-level travel time spent in this place.
 D = Time resting spent in this place.
 E = Time spent auto-exploring this place.
 F = Levels seen in this place.
 G = Mean time per level.
                   A        B        C        D        E       F      G
               +--------+--------+--------+--------+--------+-----+--------+
         Total |   8982 |   8787 |    195 |    975 |   4981 |   8 | 1122.8 |
       Dungeon |   8957 |   8762 |    195 |    975 |   4980 |   7 | 1279.6 |
        Temple |     24 |     24 |      0 |      0 |      1 |   1 |   24.0 |
               +--------+--------+--------+--------+--------+-----+--------+

Top non-repeatable levels by time:
     D:4: 1813 daAuts
     D:5: 1732 daAuts
     D:1: 1552 daAuts
     D:6: 1505 daAuts
     D:3: 1331 daAuts
     D:2: 720 daAuts
     D:7: 301 daAuts
  Temple: 24 daAuts
